[Event "Titled Tuesday Blitz September 21 2021"]
[White "Krysa, Leandro"]
[Black "Pajeken, Jakob Leon"]
[WhiteFideId "116807"]
[BlackFideId "12942839"]
[WhiteElo "2490"]
[BlackElo "2351"]
[Result "1/2-1/2"]
[Round "04"]
[TimeControl "180+1"]
[Date "2021.09.21"]
[WhiteClock "0:00:04"]
[BlackClock "0:00:14"]

1. e4 e5 2. Nf3 Nc6 3. Bb5 a6 4. Ba4 Nf6 5. d3 d6 6. c3 g6 7. O-O Bg7 8. h3 O-O 9. Be3 Bd7 10. Bc2 h6 11. Nbd2 Kh7 12. d4 Nh5 13. Re1 Qf6 14. dxe5 dxe5 15. Nh2 Nf4 16. Ng4 Bxg4 17. Qxg4 Rad8 18. Rad1 h5 19. Qf3 Nd3 20. Qxf6 Bxf6 21. Bxd3 Rxd3 22. Nc4 Rfd8 23. Rxd3 Rxd3 24. Kf1 b5 25. Nd2 Be7 26. Ke2 Rd7 27. Nb3 f5 28. f3 Kg7 29. Nc5 Bxc5 30. Bxc5 Kf6 31. a4 Nd8 32. axb5 axb5 33. Ra1 Ne6 34. Ra6 fxe4 35. fxe4 Kf7 36. Be3 g5 37. g3 h4 38. gxh4 gxh4 39. Ra8 Kf6 40. Rh8 Nf4+ 41. Bxf4 exf4 42. Rh5 Rg7 43. Kf3 Rg3+ 44. Kxf4 Rxh3 45. Rxb5 Rh1 46. Rh5 h3 47. Kg3 Rb1 48. Rxh3 Rxb2 49. Kf4 Rf2+ 50. Ke3 Ra2 51. Kd4 Ra4+ 52. c4 Ke6 53. Rh6+ Kd7 54. Kd5 Ra5+ 55. c5 c6+ 56. Kd4 Ra4+ 57. Ke5 Rc4 58. Rh7+ Kc8 59. Kd6 Rxe4 60. Kxc6 Re6+ 61. Kb5 Rg6 62. Rf7 Rh6 63. Re7 Rg6 64. Re1 Rh6 65. Ra1 Rg6 66. Ra3 Rh6 67. Rd3 Rg6 68. Re3 Rh6 69. Kc4 Rg6 70. Kd5 Rh6 71. Re5 Rg6 72. Re4 Rh6 73. Ke5 Rg6 74. Kd4 Rh6 75. Re5 Rg6 76. Kc4 Rh6 77. Kb5 Rg6 78. Rd5 Rh6 79. Rd4 Rg6 80. Ka5 Kc7 81. Kb5 Rh6 82. Ra4 Rg6 83. Ra7+ Kc8 84. Re7 Rh6 85. Re4 Rg6 86. Ra4 Rh6 87. Rb4 Rg6 88. Ka5 Rh6 89. Rb6 Rh1 90. Kb5 Rb1+ 91. Kc6 Rh1 92. Kb5 Rb1+ 93. Ka6 Ra1+ 94. Kb5 Rb1+ 1/2-1/2


[Site "https://www.chess.com"]

[Event "Titled Tuesday Blitz September 21 2021"]
[White "Laurusas, Tomas"]
[Black "Avramidou, Anastasia"]
[WhiteFideId "12803731"]
[BlackFideId "4239873"]
[WhiteElo "2573"]
[BlackElo "2183"]
[Result "1-0"]
[Round "04"]
[TimeControl "180+1"]
[Date "2021.09.21"]
[WhiteClock "0:00:19"]
[BlackClock "0:00:04"]

1. d4 Nf6 2. c4 g6 3. Nc3 d5 4. cxd5 Nxd5 5. e4 Nxc3 6. bxc3 Bg7 7. Nf3 O-O 8. Be2 c5 9. O-O Nc6 10. Be3 Qc7 11. Rc1 b6 12. h4 Bg4 13. d5 Bxf3 14. gxf3 Na5 15. h5 Rfd8 16. hxg6 hxg6 17. c4 a6 18. Kg2 Qe5 19. Qd2 Nc6 20. Bf4 Qd4 21. Qc2 Nb4 22. Qb3 Qb2 23. Qxb2 Bxb2 24. Rb1 Bd4 25. a3 Na2 26. Rxb6 Nc3 27. Bd3 Kg7 28. Bc2 Re8 29. Bd2 Reb8 30. Rc6 Rb2 31. Bxc3 Bxc3 32. Ba4 Bd4 33. e5 Re2 34. f4 Rb8 35. Rc7 Kf8 36. d6 exd6 37. exd6 Re6 38. d7 Rd8 39. Rb1 Ke7 40. Rbb7 Re2 41. Rc8 Bxf2 42. Rxd8 Bh4+ 43. Kf3 Rf2+ 44. Ke3 Kxd8 45. Rb8+ Kc7 46. Rc8+ Kb7 47. Bc6+ Kb6 48. d8=Q+ Bxd8 49. Kxf2 1-0


[Site "https://www.chess.com"]

[Event "Titled Tuesday Blitz September 21 2021"]
[White "Levitskiy, Andrey"]
[Black "Dovbnia, Nikita"]
[WhiteFideId "14132885"]
[BlackFideId "54104599"]
[WhiteElo "2340"]
[BlackElo "2121"]
[Result "1-0"]
[Round "04"]
[TimeControl "180+1"]
[Date "2021.09.21"]
[WhiteClock "0:00:13"]
[BlackClock "0:00:01"]

1. e4 c5 2. Nf3 a6 3. d4 cxd4 4. c3 dxc3 5. Nxc3 d6 6. Bc4 Nc6 7. O-O Nf6 8. Bf4 e6 9. Qd2 Be7 10. Rad1 O-O 11. Bxd6 Bxd6 12. Qxd6 Qxd6 13. Rxd6 Rd8 14. Rxd8+ Nxd8 15. Rd1 Nc6 16. Ne5 Kf8 17. Nxc6 bxc6 18. Na4 Nd7 19. Rd6 Ne5 20. Nb6 Ke7 21. Rxc6 Nxc6 22. Nxa8 Bb7 23. Nc7 Ne5 24. Bxa6 Bxe4 25. Be2 Kd7 26. Nb5 Kc6 27. a4 Nd3 28. Nc3 Bg6 29. Bxd3 Bxd3 30. b4 e5 31. f3 f5 32. Kf2 f4 33. Ke1 g5 34. Kd2 Bf1 35. g3 h5 36. Ne4 g4 37. fxg4 hxg4 38. b5+ Kb6 39. Nf2 Bh3 40. Kc3 e4 41. Nxe4 f3 42. Nf2 Bf1 43. Nxg4 Be2 44. Nf2 Bf1 45. h4 1-0


[Site "https://www.chess.com"]

[Event "Titled Tuesday Blitz September 21 2021"]
[White "Machidon, Cristi"]
[Black "Kovacs, Klara"]
[WhiteFideId "13904590"]
[BlackFideId "733210"]
[WhiteElo "2312"]
[BlackElo "2137"]
[Result "1-0"]
[Round "04"]
[TimeControl "180+1"]
[Date "2021.09.21"]
[WhiteClock "0:00:41"]
[BlackClock "0:01:51"]

1. d4 Nf6 2. c4 e6 3. Nf3 d5 4. Nc3 Be7 5. Bf4 O-O 6. e3 c5 7. cxd5 exd5 8. Bd3 Nc6 9. O-O Re8 10. Rc1 b6 11. Bb5 Bd7 12. Qa4 Rc8 13. Rfd1 c4 14. Ne5 Nxe5 15. dxe5 Bxb5 16. Nxb5 Qd7 17. exf6 Bxf6 18. Nc3 Qg4 19. Nxd5 Bh4 20. Rxc4 Qxd1+ 21. Qxd1 Rxc4 22. Bg3 Bxg3 23. hxg3 h6 24. g4 b5 25. f3 a5 26. e4 b4 27. Qd3 Rc1+ 28. Kh2 a4 29. Qb5 Rd8 30. Qxb4 1-0


[Site "https://www.chess.com"]

[Event "Titled Tuesday Blitz September 21 2021"]
[White "Madaminov, Mukhiddin"]
[Black "Bluebaum, Matthias"]
[WhiteFideId "14210703"]
[BlackFideId "24651516"]
[WhiteElo "1855"]
[BlackElo "2681"]
[Result "0-1"]
[Round "04"]
[TimeControl "180+1"]
[Date "2021.09.21"]
[WhiteClock "0:01:59"]
[BlackClock "0:02:27"]

1. e4 e6 2. d4 d5 3. e5 c5 4. c3 Nc6 5. Nf3 Qb6 6. a3 c4 7. Nbd2 Na5 8. Be2 Bd7 9. Rb1 Ne7 10. O-O Qc7 11. Re1 Nc8 12. Nf1 Nb6 13. Ng3 Ba4 14. Qd2 O-O-O 15. Nh5 Rg8 16. Qg5 Bc2 17. Ra1 Nb3 18. Ra2 Bb1 19. Ra1 Nxa1 20. Be3 Be7 21. Qg3 Bg6 22. Rxa1 Bxh5 0-1


[Site "https://www.chess.com"]

[Event "Titled Tuesday Blitz September 21 2021"]
[White "Majer, Damir"]
[Black "Perez Gormaz, Matias"]
[WhiteFideId "4615689"]
[BlackFideId "3406342"]
[WhiteElo "2228"]
[BlackElo "2352"]
[Result "0-1"]
[Round "04"]
[TimeControl "180+1"]
[Date "2021.09.21"]
[WhiteClock "0:00:12"]
[BlackClock "0:00:05"]

1. d4 d5 2. Bf4 Nf6 3. e3 c5 4. Nc3 cxd4 5. exd4 a6 6. Nf3 Nc6 7. Ne5 Bd7 8. Nxd7 Qxd7 9. Be2 g6 10. O-O Bg7 11. Na4 Qd8 12. Nc5 Qb6 13. Rb1 O-O 14. c3 Rfe8 15. b4 e5 16. dxe5 Nxe5 17. Re1 Ne4 18. Nxe4 dxe4 19. Be3 Qc7 20. Bd4 Rad8 21. Qb3 h5 22. h3 Nc6 23. Bxg7 Kxg7 24. Rbd1 Ne5 25. c4 f5 26. Qc3 Qe7 27. c5 Qf6 28. Qb3 f4 29. Bf1 e3 30. Qc2 Qg5 31. Qe2 Rxd1 32. Rxd1 Rf8 33. Rd5 Qf6 34. fxe3 f3 35. Qf2 fxg2 36. Qxg2 Nf3+ 37. Kh1 Nh4 38. Rd7+ Kh6 39. Qg1 Qxf1 40. Qxf1 Rxf1+ 41. Kh2 Ra1 42. Rxb7 Rxa2+ 43. Kg1 Nf3+ 44. Kf1 Ne5 45. c6 Nxc6 46. Rb5 axb5 47. e4 Ne5 0-1


[Site "https://www.chess.com"]

[Event "Titled Tuesday Blitz September 21 2021"]
[White "Makhnev, Denis"]
[Black "Ratnakaran, K."]
[WhiteFideId "13707647"]
[BlackFideId "5005507"]
[WhiteElo "2537"]
[BlackElo "2400"]
[Result "1-0"]
[Round "04"]
[TimeControl "180+1"]
[Date "2021.09.21"]
[WhiteClock "0:01:15"]
[BlackClock "0:01:41"]

1. Nf3 Nf6 2. c4 b5 3. Nc3 bxc4 4. e4 Bb7 5. e5 Ng4 6. Bxc4 d5 7. exd6 Qxd6 8. Qa4+ Qd7 9. Qb3 Bxf3 10. Bxf7+ Kd8 11. gxf3 Ne5 12. Bd5 Nd3+ 13. Ke2 Nf4+ 14. Kd1 c6 15. Be4 e5 16. Qc4 a5 17. Kc2 Na6 18. a3 Nc5 19. d4 Nce6 20. dxe5 Nd4+ 21. Kb1 Nfe6 22. Rd1 Rb8 23. Bxc6 Qa7 24. Qxe6 Bxa3 25. Rxa3 1-0


[Site "https://www.chess.com"]

[Event "Titled Tuesday Blitz September 21 2021"]
[White "Maly, Alexey"]
[Black "Navalgund, Niranjan"]
[WhiteFideId "14103184"]
[BlackFideId "5030854"]
[WhiteElo "2250"]
[BlackElo "2290"]
[Result "1-0"]
[Round "04"]
[TimeControl "180+1"]
[Date "2021.09.21"]
[WhiteClock "0:02:06"]
[BlackClock "0:01:40"]

1. d4 Nf6 2. c4 Nc6 3. Nf3 e6 4. a3 d6 5. Nc3 g6 6. g3 Bg7 7. Bg2 O-O 8. O-O Re8 9. d5 exd5 10. cxd5 Ne5 11. Nd4 a5 12. e4 Bd7 13. h3 Qb8 14. f4 Nc4 15. Kh2 h5 16. Qd3 Nb6 17. Bd2 a4 18. Rae1 Nh7 19. f5 Qd8 20. fxg6 fxg6 21. e5 Rxe5 22. Qxg6 Rxe1 23. Rf7 Qf6 24. Rxf6 Nxf6 25. Bxe1 Re8 26. Bd2 Nc4 27. Bh6 Re7 28. Bxg7 1-0


[Site "https://www.chess.com"]

[Event "Titled Tuesday Blitz September 21 2021"]
[White "Manafov, Vugar"]
[Black "Silva, Miguel Antonio Neto"]
[WhiteFideId "13410814"]
[BlackFideId "1911929"]
[WhiteElo "2274"]
[BlackElo "2283"]
[Result "1-0"]
[Round "04"]
[TimeControl "180+1"]
[Date "2021.09.21"]
[WhiteClock "0:01:11"]
[BlackClock "0:00:20"]

1. Nf3 d5 2. g3 Nf6 3. Bg2 Bf5 4. O-O e6 5. d3 h6 6. Nbd2 Bh7 7. b3 Nbd7 8. Bb2 c6 9. c4 Bc5 10. Rc1 O-O 11. Rc2 Qe7 12. Qa1 Ba3 13. Bc3 Bb4 14. Bb2 Ba3 15. Bd4 Rfe8 16. Ne5 Nxe5 17. Bxe5 Bd6 18. Nf3 Bxe5 19. Nxe5 Nd7 20. Rfc1 Nxe5 21. Qxe5 Qf6 22. Qc7 Qe7 23. Qa5 Bg6 24. b4 dxc4 25. Rxc4 a6 26. a4 Qd8 27. Qe5 Qf6 28. Qxf6 gxf6 29. b5 axb5 30. axb5 cxb5 31. Rb4 Ra2 32. Bf3 Re7 33. Rxb5 Kg7 34. Rcb1 e5 35. Rxb7 Rxb7 36. Rxb7 f5 37. Rb4 e4 38. dxe4 fxe4 39. Bxe4 Rxe2 40. Bf3 Rc2 41. Kg2 Rc1 42. h4 Bd3 43. Rg4+ Kf8 44. Bd5 Bf1+ 45. Kh2 Rc5 46. Bf3 Rc2 47. Rf4 Bc4 48. Be4 Rc1 49. Rf6 Kg7 50. Rc6 h5 51. Bd5 Rh1+ 52. Bxh1 1-0


[Site "https://www.chess.com"]

[Event "Titled Tuesday Blitz September 21 2021"]
[White "Manukyan, Sargis A."]
[Black "Lashkin, Jegor"]
[WhiteFideId "13303970"]
[BlackFideId "13907808"]
[WhiteElo "2187"]
[BlackElo "2293"]
[Result "0-1"]
[Round "04"]
[TimeControl "180+1"]
[Date "2021.09.21"]
[WhiteClock "0:00:12"]
[BlackClock "0:00:29"]

1. d4 Nf6 2. e3 d5 3. Nf3 e6 4. Be2 Bd6 5. O-O O-O 6. b3 b6 7. Bb2 Bb7 8. Nbd2 c5 9. Ne5 Nc6 10. Nxc6 Bxc6 11. dxc5 bxc5 12. c4 a5 13. cxd5 exd5 14. Rc1 Qe7 15. Bf3 Rfd8 16. Nb1 Bb7 17. Qc2 d4 18. Bxb7 Qxb7 19. exd4 cxd4 20. Rfd1 Ng4 21. h3 d3 22. Rxd3 Bh2+ 23. Kh1 Rxd3 24. hxg4 Rh3 25. Qc6 Qxc6 26. Rxc6 Rh4 27. g3 Bxg3+ 28. Kg2 Bxf2 29. Nd2 Bd4 30. Kg3 Rxg4+ 31. Kxg4 Bxb2 32. Nc4 Bf6 33. Nxa5 h5+ 34. Kxh5 Rxa5+ 35. Kg4 Rxa2 36. b4 Rb2 37. Rb6 Kh7 38. b5 Kg6 39. Rb7 Rb4+ 40. Kf3 Kf5 41. b6 g5 42. Rxf7 Rb3+ 43. Kg2 Rxb6 44. Rf8 Kf4 45. Rc8 Rb2+ 46. Kg1 Bd4+ 47. Kh1 Kg3 48. Rc1 Rh2# 0-1


[Site "https://www.chess.com"]

[Event "Titled Tuesday Blitz September 21 2021"]
[White "Manukyan, Sargis A."]
[Black "Salinas Herrera, Pablo"]
[WhiteFideId "13303970"]
[BlackFideId "3407128"]
[WhiteElo "2187"]
[BlackElo "2541"]
[Result "1-0"]
[Round "04"]
[TimeControl "180+1"]
[Date "2021.09.21"]
[WhiteClock "0:00:07"]
[BlackClock "0:00:13"]

1. d4 d5 2. c4 c6 3. Nf3 Nf6 4. e3 e6 5. b3 b6 6. Bb2 Bb7 7. Bd3 Nbd7 8. O-O Be7 9. Nbd2 O-O 10. Ne5 Nxe5 11. dxe5 Nd7 12. Qh5 g6 13. Qh3 Qc7 14. Nf3 c5 15. Qg3 Rad8 16. Rfd1 dxc4 17. Bxc4 a6 18. a4 Nb8 19. Rd6 Rxd6 20. exd6 Bxd6 21. Qh4 Bxf3 22. Qf6 e5 23. Qxf3 Kg7 24. Rd1 Be7 25. g4 Bf6 26. Qg3 h6 27. h4 g5 28. h5 Re8 29. Qf3 Qc8 30. Rd6 Nd7 31. Qf5 Re7 32. Bd3 Qc7 33. Qh7+ Kf8 34. Rd5 Qc6 35. Be4 Qe6 36. Rd2 Qxg4+ 37. Bg2 Qxh5 38. a5 Qg6 39. Qxg6 fxg6 40. Bc6 bxa5 41. Bxd7 Kg7 42. Bc6 h5 43. Rd7 g4 44. Rxe7+ Bxe7 45. Bxe5+ Kh6 46. Bc7 a4 47. Bxa4 g5 48. Bc6 Kg6 49. Bb6 Bd6 50. Bb7 Kf5 51. Bxa6 Ke4 52. Bb7+ Kd3 53. Bd5 h4 54. Be6 g3 55. fxg3 Kxe3 56. gxh4 gxh4 57. Kg2 Kd3 58. Bc4+ Kc3 59. Kh3 Be7 60. Bc7 Kb4 61. Bf4 Kc3 62. Be3 Kb4 63. Bf2 Kc3 64. Bxh4 Bd6 65. Kg4 Kd4 66. Bf6+ Ke3 67. Kf5 Bf8 68. Ke6 Ke4 69. Be5 Bh6 70. Bd6 Be3 71. Kd7 Bd4 72. Kc6 Bc3 73. Bxc5 Kf5 74. Bd5 Ke5 75. Bg2 Kf5 76. Bh1 Ke5 77. Kb5 Ke6 78. Kc4 Be1 79. Bd4 Kd6 80. Bd5 Bf2 81. Bxf2 1-0


[Site "https://www.chess.com"]

[Event "Titled Tuesday Blitz September 21 2021"]
[White "Martinovici, Ilia"]
[Black "Thomas, Anysia"]
[WhiteFideId "13907034"]
[BlackFideId "670472"]
[WhiteElo "2303"]
[BlackElo "2004"]
[Result "1-0"]
[Round "04"]
[TimeControl "180+1"]
[Date "2021.09.21"]
[WhiteClock "0:00:59"]
[BlackClock "0:00:05"]

1. d4 Nf6 2. c4 g6 3. Nc3 d5 4. cxd5 Nxd5 5. e4 Nxc3 6. bxc3 Bg7 7. Bb5+ Nd7 8. Ne2 O-O 9. O-O c5 10. d5 a6 11. Ba4 b5 12. Bc2 Ne5 13. a4 Bb7 14. Rb1 Qd7 15. f4 Nc4 16. Bd3 Nb6 17. axb5 c4 18. bxa6 cxd3 19. axb7 dxe2 20. Qxe2 Qxb7 21. Be3 Ra6 22. Qf2 Rb8 23. Rb3 Qc7 24. Rfb1 Nd7 25. Rxb8+ Nxb8 26. e5 Nd7 27. Bd4 Ra8 28. Re1 Qc4 29. Qf3 Nc5 30. d6 Nd3 31. Qxa8+ Bf8 32. dxe7 Nxe1 33. Qxf8# 1-0


[Site "https://www.chess.com"]

[Event "Titled Tuesday Blitz September 21 2021"]
[White "Melikhov, Evgeny V."]
[Black "Rustemov, Alexander"]
[WhiteFideId "4122046"]
[BlackFideId "4119002"]
[WhiteElo "1927"]
[BlackElo "2754"]
[Result "0-1"]
[Round "04"]
[TimeControl "180+1"]
[Date "2021.09.21"]
[WhiteClock "0:00:01"]
[BlackClock "0:00:24"]

1. d4 d5 2. c4 dxc4 3. Nf3 a6 4. e3 e6 5. Bxc4 c5 6. O-O Nf6 7. a4 Be7 8. Nc3 O-O 9. Qe2 b6 10. Rd1 Qc7 11. h3 Bb7 12. d5 exd5 13. Bxd5 Nxd5 14. Nxd5 Bxd5 15. Rxd5 Nd7 16. e4 Nf6 17. Rd1 Rfe8 18. Bg5 h6 19. Bxf6 Bxf6 20. Rac1 Qc6 21. e5 Qxa4 22. Rc4 Qb5 23. Re4 Qxe2 24. Rxe2 Re6 25. Rde1 Rae8 26. Kf1 Bd8 27. Nd2 Bc7 28. f4 g5 29. g3 gxf4 30. gxf4 f6 31. Nf3 fxe5 32. fxe5 c4 33. Rd1 b5 34. Rd7 R8e7 35. Rd5 Kf7 36. Re4 Ke8 37. Ke2 Rd7 38. Rc5 Bb6 39. Rc8+ Rd8 40. Rxd8+ Kxd8 41. Rg4 Bc7 42. Kd2 Bxe5 43. Nxe5 Rxe5 44. Rg6 Rh5 45. Rxa6 Rxh3 46. Rb6 Rb3 47. Rxh6 Rxb2+ 48. Kc3 Rb3+ 49. Kd4 Ke7 50. Rg6 c3 51. Kd3 b4 52. Kc2 Rb2+ 53. Kc1 Kd7 54. Rh6 Kc7 55. Rg6 Kb7 56. Rh6 b3 57. Rh3 Rc2+ 58. Kb1 Kc6 59. Rh5 Rd2 60. Rh1 Kc5 0-1


[Site "https://www.chess.com"]

[Event "Titled Tuesday Blitz September 21 2021"]
[White "Mezentsev, Ivan"]
[Black "Khanin, Semen"]
[WhiteFideId "13706195"]
[BlackFideId "4111990"]
[WhiteElo "2295"]
[BlackElo "2449"]
[Result "0-1"]
[Round "04"]
[TimeControl "180+1"]
[Date "2021.09.21"]
[WhiteClock "0:00:11"]
[BlackClock "0:00:21"]

1. d4 Nf6 2. Nf3 g6 3. Bf4 Bg7 4. e3 d6 5. h3 b6 6. Be2 Bb7 7. O-O O-O 8. a4 Nc6 9. c3 Re8 10. Bh2 a6 11. Na3 e5 12. Nc4 exd4 13. exd4 Qd7 14. Re1 Ne7 15. Nfd2 h5 16. Bf3 Bxf3 17. Qxf3 Ned5 18. a5 b5 19. Ne3 Nxe3 20. fxe3 Rab8 21. e4 b4 22. e5 dxe5 23. Bxe5 bxc3 24. bxc3 Nd5 25. Bxg7 Kxg7 26. Ne4 Rb2 27. Nc5 Rxe1+ 28. Rxe1 Qf5 29. Qxf5 gxf5 30. Ra1 f4 31. Nxa6 Ne3 32. Nxc7 Rxg2+ 33. Kh1 Kh6 34. a6 f3 35. Rg1 Ra2 36. d5 f2 37. d6 Nf5 38. d7 Ng3+ 39. Kg2 f1=Q+ 40. Kxg3 Qf2# 0-1


[Site "https://www.chess.com"]

[Event "Titled Tuesday Blitz September 21 2021"]
[White "Moksh Amit Doshi"]
[Black "Corrales Jimenez, Fidel"]
[WhiteFideId "25064967"]
[BlackFideId "3506690"]
[WhiteElo "2245"]
[BlackElo "2555"]
[Result "0-1"]
[Round "04"]
[TimeControl "180+1"]
[Date "2021.09.21"]
[WhiteClock "0:00:19"]
[BlackClock "0:00:16"]

1. d4 Nf6 2. c4 g6 3. Nf3 d5 4. cxd5 Nxd5 5. e4 Nb6 6. Nc3 Bg7 7. Be2 Bg4 8. Be3 O-O 9. O-O Nc6 10. d5 Na5 11. Bd4 Bxf3 12. Bxf3 Bxd4 13. Qxd4 Nac4 14. b3 e5 15. Qc5 Nd6 16. a4 Nd7 17. Qe3 a5 18. Bg4 f5 19. exf5 gxf5 20. Bh3 b6 21. f4 e4 22. Ne2 Nc5 23. Nd4 Qf6 24. Rac1 Kh8 25. Kh1 Rg8 26. g3 Rg6 27. Nc6 Rh6 28. Bg2 Nd3 29. Rcd1 Re8 30. Nd4 Rg8 31. Ne6 c5 32. Rxd3 exd3 33. Qxd3 Ne4 34. Bxe4 fxe4 35. Qe3 Rh5 36. Rd1 Qb2 37. Rd2 Qc1+ 38. Kg2 Rxd5 39. Re2 Qxe3 40. Rxe3 Re8 41. Rxe4 Rd6 42. Re3 Rdxe6 43. Rd3 Re3 44. Rd6 Rxb3 45. h3 Rc8 46. h4 c4 0-1


[Site "https://www.chess.com"]

[Event "Titled Tuesday Blitz September 21 2021"]
[White "Moskalenko, Alexander"]
[Black "Yaniuk, Volodymyr"]
[WhiteFideId "4155351"]
[BlackFideId "14133083"]
[WhiteElo "2515"]
[BlackElo "2207"]
[Result "1-0"]
[Round "04"]
[TimeControl "180+1"]
[Date "2021.09.21"]
[WhiteClock "0:01:14"]
[BlackClock "0:00:10"]

1. c4 e5 2. Nc3 Nf6 3. Nf3 Nc6 4. d3 g6 5. g3 Bg7 6. Bg2 O-O 7. O-O Re8 8. Bg5 h6 9. Bxf6 Qxf6 10. Rb1 a5 11. a3 d6 12. b4 axb4 13. axb4 Bg4 14. h3 Bf5 15. Nd5 Qd8 16. Nd2 Bc8 17. e3 Ne7 18. Nxe7+ Qxe7 19. b5 Ra2 20. Ra1 Rxa1 21. Qxa1 b6 22. Ne4 f5 23. Nc3 Be6 24. Nd5 Qf7 25. Qa7 Kh7 26. Rc1 e4 27. dxe4 fxe4 28. Qxc7 Bxd5 29. cxd5 Qxd5 30. Qxb6 Qd2 31. Qc6 Rf8 32. Rf1 d5 33. b6 Rf6 34. Qb5 Qd3 35. Rb1 Qxb5 36. Rxb5 Rf8 37. Rxd5 Rb8 38. Rb5 1-0


[Site "https://www.chess.com"]

[Event "Titled Tuesday Blitz September 21 2021"]
[White "Murzin, Volodar"]
[Black "Quparadze, Giga"]
[WhiteFideId "44155573"]
[BlackFideId "13602250"]
[WhiteElo "2763"]
[BlackElo "2979"]
[Result "1/2-1/2"]
[Round "04"]
[TimeControl "180+1"]
[Date "2021.09.21"]
[WhiteClock "0:00:02"]
[BlackClock "0:00:30"]

1. e4 c5 2. Nf3 Nc6 3. Bb5 Nf6 4. Bxc6 dxc6 5. d3 Bg4 6. Nbd2 Bh5 7. h3 e6 8. a4 Be7 9. Nc4 b5 10. Nce5 Qc7 11. g4 Bg6 12. Bf4 Bd6 13. Nxg6 hxg6 14. e5 Bf8 15. Nd2 Nd5 16. Bg3 Be7 17. Ne4 O-O-O 18. Qf3 Rhf8 19. Kf1 Nb6 20. b3 b4 21. Kg2 Nd7 22. Qf4 a5 23. Rae1 Kb7 24. h4 Nb6 25. h5 Nd5 26. Qd2 gxh5 27. Rxh5 Rh8 28. Reh1 Rxh5 29. Rxh5 Rg8 30. Rh7 Qd8 31. Qe2 Rh8 32. Rxh8 Qxh8 33. Qf3 Qe8 34. Kf1 Kc8 35. Qh1 Qg8 36. Nd2 Kd7 37. Nc4 Bd8 38. Ke2 Bc7 39. Qh5 g6 40. Qh6 Nc3+ 41. Kf1 Nd5 42. Nd2 Bd8 43. Ne4 Be7 44. Bh4 Bxh4 45. Qxh4 Qg7 46. Nxc5+ Ke8 47. Nb7 g5 48. Qh2 Nf4 49. Nd6+ Ke7 50. Nc4 f6 51. Qh1 Nd5 52. Qe4 Qh6 53. exf6+ Qxf6 54. Qh7+ Kf8 55. Nd6 Nf4 56. Kg1 Ne2+ 57. Kf1 Nf4 58. Kg1 Ne2+ 59. Kf1 Nf4 1/2-1/2


[Site "https://www.chess.com"]

[Event "Titled Tuesday Blitz September 21 2021"]
[White "Nakamura, Hikaru"]
[Black "Kozak, Adam"]
[WhiteFideId "2016192"]
[BlackFideId "753246"]
[WhiteElo "3202"]
[BlackElo "2799"]
[Result "1-0"]
[Round "04"]
[TimeControl "180+1"]
[Date "2021.09.21"]
[WhiteClock "0:00:32"]
[BlackClock "0:00:00"]

1. Nf3 c5 2. e4 d6 3. d4 cxd4 4. Qxd4 Nf6 5. Nc3 Nc6 6. Bb5 Bd7 7. Bxc6 Bxc6 8. Bg5 e6 9. O-O-O Be7 10. Qd3 O-O 11. Nd4 Qa5 12. f4 Rfc8 13. g4 Bd8 14. f5 Rab8 15. Bd2 e5 16. Nb3 Qa6 17. g5 Nxe4 18. Qxa6 bxa6 19. Rhg1 a5 20. Rde1 Nxd2 21. Nxd2 a4 22. Nc4 Bc7 23. Rd1 a3 24. b3 Bf3 25. Rd3 e4 26. Rd2 Kf8 27. Nd5 Bd8 28. h4 Rc6 29. Re1 Rxc4 30. bxc4 Ba5 31. c3 Rc8 32. Kc2 Rxc4 33. f6 gxf6 34. gxf6 Rc5 35. Re3 Rc8 36. Kb3 Bg4 37. Rxe4 1-0


[Site "https://www.chess.com"]

[Event "Titled Tuesday Blitz September 21 2021"]
[White "Nazaretyan, Tigran"]
[Black "Sorokin, Aleksey"]
[WhiteFideId "24162345"]
[BlackFideId "24176460"]
[WhiteElo "2212"]
[BlackElo "2476"]
[Result "0-1"]
[Round "04"]
[TimeControl "180+1"]
[Date "2021.09.21"]
[WhiteClock "0:01:13"]
[BlackClock "0:02:08"]

1. d4 Nf6 2. c4 g6 3. Nc3 d5 4. Nf3 Bg7 5. Bg5 Ne4 6. Bh4 Nxc3 7. bxc3 dxc4 8. Qa4+ c6 9. Qxc4 Be6 10. Qa4 b5 11. Qa3 a5 12. e3 Na6 13. Be2 Ra7 14. Ng5 Bd5 15. e4 h6 16. exd5 hxg5 17. Bg3 Qxd5 18. Bf3 Qe6+ 19. Kf1 O-O 20. Re1 Qf5 21. Bxc6 Qd3+ 22. Kg1 b4 23. Qc1 bxc3 24. Rd1 Qc4 25. d5 Nb4 26. h4 c2 27. Rf1 Nxa2 28. Qxg5 Qxf1+ 29. Kxf1 c1=Q+ 30. Qxc1 Nxc1 31. h5 gxh5 32. Bf4 Nd3 33. Be3 Rc7 34. Rxh5 Nb4 35. Bb6 Rcc8 36. Bxa5 Nxc6 37. dxc6 Rxc6 38. g3 Re6 39. Kg2 Re5 40. Rxe5 Bxe5 41. Bb4 Bd6 42. Bc3 Rc8 43. Bd4 Kh7 44. f4 Kg6 45. Kf3 f5 46. g4 Ra8 47. gxf5+ Kxf5 48. Be3 Ra4 49. Kg3 e6 50. Kf3 Ra3 51. Ke2 Ke4 52. Bd2 Ra2 53. Kd1 Kd3 54. Bc1 Ra1 55. f5 Bb4 56. fxe6 Bd2 0-1


[Site "https://www.chess.com"]

[Event "Titled Tuesday Blitz September 21 2021"]
[White "Nesterov, Arseniy"]
[Black "Macovei, Andrei"]
[WhiteFideId "24198455"]
[BlackFideId "13904680"]
[WhiteElo "2935"]
[BlackElo "2732"]
[Result "1-0"]
[Round "04"]
[TimeControl "180+1"]
[Date "2021.09.21"]
[WhiteClock "0:01:29"]
[BlackClock "0:01:08"]

1. d4 Nf6 2. c4 e6 3. Nf3 d5 4. Nc3 Bb4 5. Qb3 c5 6. dxc5 Na6 7. cxd5 Qxd5 8. Qxb4 Nxb4 9. Nxd5 Nfxd5 10. Rb1 Nxa2 11. Bd2 Bd7 12. e4 Ndb4 13. Bc4 b5 14. Bxa2 Nxa2 15. Ra1 Bc6 16. Rxa2 Bxe4 17. O-O f6 18. Be3 a6 19. Rfa1 Bb7 20. c6 Bxc6 21. Rxa6 Kf7 22. Rxa8 Rxa8 23. Rxa8 Bxa8 24. Nd4 b4 25. Bd2 e5 26. Nb3 Bd5 27. Nc5 b3 28. f3 g5 29. Kf2 h5 30. g3 Ke7 31. Ke3 Kd6 32. Bb4 Kc6 33. Ne4 1-0


[Site "https://www.chess.com"]

[Event "Titled Tuesday Blitz September 21 2021"]
[White "Odegov, Artem"]
[Black "Korchmar, Vasiliy"]
[WhiteFideId "34183644"]
[BlackFideId "24131750"]
[WhiteElo "2257"]
[BlackElo "2370"]
[Result "1-0"]
[Round "04"]
[TimeControl "180+1"]
[Date "2021.09.21"]
[WhiteClock "0:00:07"]
[BlackClock "0:00:06"]

1. d4 Nf6 2. c4 c6 3. Nf3 d5 4. Nc3 a6 5. cxd5 cxd5 6. Bf4 Nc6 7. e3 Bg4 8. Be2 e6 9. O-O Be7 10. Rc1 O-O 11. h3 Bh5 12. Ne5 Bxe2 13. Qxe2 Nxe5 14. Bxe5 Nd7 15. Bh2 Rc8 16. Rc2 Qa5 17. Rfc1 Rc6 18. a3 Rfc8 19. Qd3 h6 20. Bg3 Bf8 21. Kh2 b5 22. Nb1 Rxc2 23. Rxc2 Rxc2 24. Qxc2 b4 25. a4 Qb6 26. b3 Bd6 27. Qc8+ Nf8 28. Nd2 h5 29. Nf3 f6 30. h4 Kf7 31. Bxd6 Qxd6+ 32. g3 Ng6 33. Qb7+ Ne7 34. a5 Kg6 35. Qb6 Qxb6 36. axb6 Nc6 37. Ne1 Kf7 38. Nd3 a5 39. Nc5 Ke7 40. b7 Kd6 41. g4 hxg4 42. Na6 a4 43. Nxb4 1-0


[Site "https://www.chess.com"]